 Dungeon Crawl Stone Soup version 0.29.1-15-g9cfb28693d (webtiles) character file.

Game seed: 11408934060779480690

198 Wiggles the Chopper (level 5, -2/45 HPs)
             Began as a Minotaur Berserker on Mar 30, 2023.
             Was a Believer of Trog.
             Slain by Grinder (6 damage)
             ... while paralysed by Grinder
             ... on level 4 of the Dungeon.
             The game lasted 00:04:11 (2893 turns).

Wiggles the Chopper (Minotaur Berserker)            Turns: 2893, Time: 00:04:11

Health: -2/45      AC:  8    Str: 23    XL:     5   Next: 47%
Magic:  4/4        EV:  2    Int:  4    God:    Trog [**....]
Gold:   187        SH:  0    Dex: 10    Spells: 4/4 levels left

rFire   . . .      SeeInvis .   a - +0 hand axe
rCold   . . .      Faith    .   (no shield)
rNeg    . . .      Spirit   .   b - +3 ring mail
rPois   .          Reflect  .   (helmet restricted)
rElec   .          Harm     .   (no cloak)
rCorr   .          Rampage  .   (no gloves)
Will    .....                   (no boots)
Stlth   +.........              (no amulet)
HPRegen 0.15/turn               (no ring)
MPRegen 0.09/turn               (no ring)

@: paralysed
A: horns 2, retaliatory headbutt
a: Renounce Religion, Berserk, Trog's Hand


You were on level 4 of the Dungeon.
You worshipped Trog.
Trog was pleased with you.
You visited 1 branch of the dungeon, and saw 4 of its levels.

You collected 187 gold pieces.

Inventory:

Hand Weapons
 a - a +0 hand axe (weapon)
Armour
 b - a +3 ring mail (worn)
Scrolls
 f - a scroll of magic mapping {unknown}
 g - a scroll of blinking {unknown}
 i - 2 scrolls of identify {unknown}
 m - 2 scrolls of fear {unknown}
 n - a scroll of teleportation {unknown}
Potions
 c - a potion of brilliance {unknown}
 d - a potion of attraction {unknown}
 e - 2 potions of heal wounds {unknown}
 h - 2 potions of curing
 j - a potion of magic {unknown}
 k - a potion of mutation {unknown}
 l - a potion of degeneration {unknown}


   Skills:
 - Level 3.6 Fighting
 + Level 7.5 Axes
 - Level 2.4 Armour
 - Level 2.1 Dodging
 + Level 0.3 Stealth


You had 4 spell levels left.
You didn't know any spells.
Your spell library was empty.

Dungeon Overview and Level Annotations

Branches:
Dungeon (4/15)
 Temple: D:4-7

Altars:

Annotations:
D:4 Grinder


Innate Abilities, Weirdness & Mutations

You have a pair of horns on your head.
You reflexively headbutt those who attack you in melee.


Message History

Grinder blinks!
You can move again.
There is a stone staircase leading up, spattered with blood here.
You see here a +0 dagger.
You hit the hobgoblin.
The hobgoblin is almost dead.
The hobgoblin closely misses you. You furiously retaliate!
You headbutt the hobgoblin, but do no damage.
You hit the hobgoblin.
You kill the hobgoblin!
Trog accepts your kill.
You closely miss Grinder. Your headbutt misses Grinder.
Grinder says, "Wait up."
Grinder barely misses you.
You hit Grinder but do no damage. Grinder gestures at you.
Pain shoots through your body!
You hit Grinder.
Grinder is lightly wounded.
The gnoll barely misses you. Grinder hits you.
You writhe in agony.
You slash Grinder!
Grinder is moderately wounded.
Grinder gestures at you. You resist with significant effort.
The gnoll closely misses you.
You hit Grinder but do no damage.
Grinder is moderately wounded.
The gnoll completely misses you. Grinder gestures at you.
You suddenly lose the ability to move!
The gnoll hits you from afar with a +0 spear.
Grinder hits you.
You writhe in agony.
The gnoll hits you from afar with a +0 spear.
Grinder hits you but does no damage. The gnoll hits you but does no damage.
Grinder hits you but does no damage.
The gnoll hits you from afar with a +0 spear.
* * * LOW HITPOINT WARNING * * *
Grinder hits you!
* * * LOW HITPOINT WARNING * * *
You writhe in agony.
You die...

#
..#.########
.
...........#
...
#.5@##.#.....
#.#<)g)......
# #.##.#.....
#.# .# ...
#.. .# #
######


You could see Grinder and a gnoll.

Vanquished Creatures
  A hound (D:4)
  An iguana (D:2)
  3 gnolls (D:4)
  3 adders
  5 dart slugs
  An orc (D:2)
  5 ball pythons
  3 bats
  7 endoplasms
  3 giant cockroaches
  8 goblins
  5 hobgoblins
  14 jackals
  A quokka (D:1)
  3 frilled lizards
  6 kobolds
  4 rats
73 creatures vanquished.

Vanquished Creatures (others)
  A demonic plant (D:1)
  4 fungi (D:1)
  A plant (D:1)
  3 withered plants (D:1)
9 creatures vanquished.

Grand Total: 82 creatures vanquished

Notes
Turn   | Place    | Note
-------+----------+-------------------------------------------
     0 | D:1      | Wiggles the Minotaur Berserker began the quest for the Orb.
     0 | D:1      | Reached XP level 1. HP: 19/19 MP: 0/0
    67 | D:1      | Reached skill level 4 in Axes
   119 | D:1      | Reached XP level 2. HP: 15/26 MP: 1/1
   538 | D:1      | Found a faded altar of an unknown god.
   686 | D:1      | Reached skill level 5 in Axes
   748 | D:1      | Reached XP level 3. HP: 31/31 MP: 2/2
  1239 | D:2      | Reached ** piety under Trog
  1452 | D:2      | Reached skill level 6 in Axes
  1452 | D:2      | Reached XP level 4. HP: 39/39 MP: 3/3
  2689 | D:4      | Reached XP level 5. HP: 45/45 MP: 4/4
  2689 | D:4      | Noticed Grinder
  2694 | D:4      | Reached skill level 7 in Axes
  2878 | D:4      | Paralysed by Grinder for 4 turns
  2889 | D:4      | Paralysed by Grinder for 4 turns
  2893 | D:4      | Slain by Grinder

Illustrated notes

Levels and vault maps discovered:
D:1:      dpeg_arrival_three_same_balls, layout_loops_ring,
          shapermc_ecumenical_altar_gd
D:2:      layout_loops_ring
D:3:      layout_loops_ring
D:4:      layout_basic, mainiacjoe_overflow_alcove_2,
          hellmonk_ghost_happy_afterlife, uniq_grinder

Skill      XL: |  1  2  3  4  5 |
---------------+----------------+-----
Axes           | 4 5 6 7 |  7.5
Fighting       | |  3.6
Armour         | |  2.4
Dodging        | |  2.1
Stealth        | |  0.3

Action                   |  1- 3 |  4- 6 || total
-------------------------+-------+-------++-------
Melee: Hand axe          |    81 |    67 ||   148
       Headbutt          |    12 |    10 ||    22
Invok: Berserk           |       |     1 ||     1
Armor: Ring mail         |    44 |    30 ||    74
Dodge: Dodged            |    52 |    33 ||    85
